 Dungeon Crawl Stone Soup version 0.30-a0-445-g92f4fb2d71 (webtiles) character file.

Game seed: 11755057104841704410

129222 Emberiza the Severer (level 16, -7/157 HPs)
             Began as a Minotaur Berserker on Dec 11, 2022.
             Was a High Priest of Trog.
             Mangled by a nine-headed hydra (16 damage)
             ... on level 3 of the Swamp.
             The game lasted 01:08:51 (24740 turns).

Emberiza the Severer (Minotaur Berserker)          Turns: 24740, Time: 01:08:52

Health: -7/157     AC: 52    Str: 31    XL:     16   Next: 50%
Magic:  15/15      EV: 14    Int:  6    God:    Trog [*****.]
Gold:   2258       SH:  0    Dex: 15    Spells: 15/15 levels left

rFire   . . .      SeeInvis .    T - +9 executioner's axe (chaos)
rCold   + + .      Faith    +    (shield currently unavailable)
rNeg    . . .      Spirit   .    l - +17 crystal plate armour "Husemebb" {Str+4}
rPois   +          Reflect  .    (helmet restricted)
rElec   .          Harm     .    j - +0 cloak
rCorr   .          Rampage  +    M - +1 pair of gloves "Geb Dyub" {Will+}
Will    ++++.                    P - +2 pair of boots
Stlth   ..........               X - amulet "Igisorr" {Faith Rampage Fragile rC+ Dex+4}
HPRegen 1.46/turn                d - ring "Muiskao" {Fly rC+}
MPRegen 0.14/turn                y - ring of poison resistance

@: strong-willed, on berserk cooldown, flying, regenerating, slowed, very slow
A: horns 2, retaliatory headbutt, hooves 1, iridescent scales 1, wild magic 1
a: Renounce Religion, Berserk, Trog's Hand, Brothers in Arms


You were on level 3 of the Swamp.
You worshipped Trog.
Trog was extremely pleased with you.
You visited 4 branches of the dungeon, and saw 26 of its levels.
You also visited: Sewer.

You collected 2721 gold pieces.
You spent 463 gold pieces at shops.

Inventory:

Hand Weapons
 K - the +9 battleaxe of Infinity {speed, rPois Str+4 Int+3 Dex-2}
   (You acquired it on level 8 of the Dungeon)

   Attacks with this weapon are significantly faster.
   Str:       It affects your strength (+4).
   Int:       It affects your intelligence (+3).
   Dex:       It affects your dexterity (-2).
   rPois:     It protects you from poison.
 Q - the +12 battleaxe of the Valley {antimagic, Str+4 Dex+2}
   (Trog gifted it to you on level 13 of the Dungeon)

   It reduces the magical energy of the wielder, and disrupts the spells and
   magical abilities of those it strikes.
   Natural abilities and divine invocations are not affected.
   Str:       It affects your strength (+4).
   Dex:       It affects your dexterity (+2).
 T - a +9 executioner's axe of chaos (weapon)
 U - a +1 demon whip of venom
 Z - a +3 antimagic broad axe
Missiles
 q - 4 throwing nets (quivered)
 u - 30 poisoned darts
Armour
 j - a +0 cloak (worn)
 l - the +17 crystal plate armour "Husemebb" (worn) {Str+4}
   (You acquired it on level 3 of the Dungeon)

   Str:       It affects your strength (+4).
 n - a +0 tower shield
 M - the +1 pair of gloves "Geb Dyub" (worn) {Will+}
   (You found it in a sewer)

   Will:      It increases your willpower.
 P - a +2 pair of boots (worn)
Jewellery
 d - the ring "Muiskao" (left hand) {Fly rC+}
   (You took it off an orc knight on level 12 of the Dungeon)

   [ring of flight]

   rC:        It protects you from cold.
   Fly:       It grants you flight.
 r - a ring of protection from fire
 y - a ring of poison resistance (right hand)
 E - the ring of Itity {Fly rPois rN+++ Str-4 Int-3}
   (You took it off a tengu warrior on level 12 of the Dungeon)

   [ring of flight]

   Str:       It affects your strength (-4).
   Int:       It affects your intelligence (-3).
   rPois:     It protects you from poison.
   rN:        It renders you almost immune to negative energy.
   Fly:       It grants you flight.
 G - a ring of ice
 H - a ring of willpower
 W - the amulet "Buiplisa" {Faith rPois rCorr Int-3 Dex+2}
   (You found it on level 12 of the Dungeon)

   [amulet of faith]

   It allows you to gain divine favour quickly.
   Int:       It affects your intelligence (-3).
   Dex:       It affects your dexterity (+2).
   rPois:     It protects you from poison.
   rCorr:     It protects you from acid and corrosion.
 X - the amulet "Igisorr" (around neck) {Faith Rampage Fragile rC+ Dex+4}
   (You found it on level 12 of the Dungeon)

   [amulet of faith]

   It allows you to gain divine favour quickly.
   Dex:       It affects your dexterity (+4).
   rC:        It protects you from cold.
   Fragile:   It will be destroyed if unequipped.
   Rampage:   It bestows one free step when moving towards enemies.
Wands
 a - a wand of iceblast (32)
 e - a wand of flame (42)
 p - a wand of mindburst (35)
 w - a wand of paralysis (5)
 D - a wand of polymorph (6)
 I - a wand of acid (13)
Scrolls
 b - 3 scrolls of magic mapping
 g - 4 scrolls of amnesia
 h - 3 scrolls of fog
 o - 6 scrolls of identify
 v - 9 scrolls of teleportation
 x - 4 scrolls of silence
 F - 5 scrolls of blinking
 L - 2 scrolls of summoning
 O - 4 scrolls of poison
 R - 4 scrolls of enchant armour
 Y - 2 scrolls of fear
Potions
 c - a potion of cancellation
 f - 10 potions of flight
 i - a potion of berserk rage
 m - 7 potions of lignification
 s - 3 potions of mutation
 t - 2 potions of resistance
 A - 4 potions of might
 B - a potion of ambrosia
 C - 14 potions of curing
 N - 2 potions of haste
 S - 5 potions of heal wounds
 V - 3 potions of invisibility


   Skills:
 + Level 17.6 Fighting
 - Level 20.0 Axes
 + Level 17.4 Armour
 + Level 16.1 Dodging
 - Level 2.1 Shields


You had 15 spell levels left.
You didn't know any spells.
Your spell library was empty.

Dungeon Overview and Level Annotations

Branches:
Dungeon (15/15)            Temple (0/1) D:7            Lair (5/5) D:10
  Swamp (4/4) Lair:2       Spider (0/4) Lair:2        Slime (0/5) Lair:4
    Orc (2/2) D:12            Elf (0/3) Orc:2        Vaults (0/5) D:13
 Depths (0/4) D:15          Sewer (visited)

Altars:
Ashenzari
Dithmenos
Elyvilon
Hepliaklqana
Kikubaaqudgha
Makhleb
Nemelex Xobeh
Qazlal
Ru
Trog
Uskayaw
Vehumet
Xom

Shops:
D:9 ([*=!   D:15 *   Orc:2 *::!(

Portals:
Hell: Lair:5
Abyss: D:8

Annotations:
D:8 2 transporters, anet's ghost, journeyman GrCj
D:11 1 runed translucent door
D:14 3 runed translucent doors, Nofys's ghost, journeyman SpEn
D:15 3 runed translucent doors, Deafoat's ghost, journeyman GnHu


Innate Abilities, Weirdness & Mutations

You have a pair of horns on your head.
You reflexively headbutt those who attack you in melee.
You have large cloven feet.
You are partially covered in iridescent scales. (AC +2)
Your spells are a little harder to cast, but a little more powerful.


Message History

The nine-headed hydra misses you.
The eight-headed hydra bites you but does no damage.
The eight-headed hydra closely misses you.
The eight-headed hydra bites you but does no damage.
The eight-headed hydra bites you.
* * * LOW HITPOINT WARNING * * *
The eight-headed hydra bites you but does no damage.
The eight-headed hydra misses you.
The eight-headed hydra closely misses you.
The eight-headed hydra barely misses you.
Your deep troll goes berserk!
The nine-headed hydra misses you.
The nine-headed hydra barely misses you.
The nine-headed hydra bites you but does no damage. x3
The nine-headed hydra closely misses you.
The nine-headed hydra completely misses you.
The nine-headed hydra bites you but does no damage.
The nine-headed hydra completely misses you.
The nine-headed hydra bites you.
* * * LOW HITPOINT WARNING * * *
The nine-headed hydra closely misses you.
The nine-headed hydra bites you!
* * * LOW HITPOINT WARNING * * *
The nine-headed hydra bites you but does no damage. x6
A ghost crab comes into view.
The eight-headed hydra misses you. You furiously retaliate!
You headbutt the eight-headed hydra!
The eight-headed hydra bites you but does no damage. x3
The eight-headed hydra misses you.
The eight-headed hydra bites you but does no damage. x3
The nine-headed hydra barely misses you.
The nine-headed hydra bites you but does no damage.
The nine-headed hydra misses you.
The nine-headed hydra closely misses you.
The nine-headed hydra bites you but does no damage. x2
The nine-headed hydra misses you. The nine-headed hydra bites you.
* * * LOW HITPOINT WARNING * * *
The nine-headed hydra barely misses you.
The nine-headed hydra bites you!
You die...

...~.~~~~~§♣♣♣~>...♣~♣..~♣♣ ♣~~.
.....~~~~~~.♣.~~§..♣♣♣♣~..♣♣♣♣~~~
~.~~.~~~~~~...~§..~♣♣♣♣♣.~..~~.~~
~♣♣.~~~~~.t....~~~~♣...♣...♣~~~§~
....~~~~~~...~....~§...♣♣.♣♣~.~~~
.†..~~~~~§~..♣~.~~~~~~♣♣♣(.§..~~~
..~~~.~~~~.~..."~~~~~~.♣♣♣....~~~
.~~~~~♣~..♣~.~~D...~~§.♣ ♣♣♣♣.~~.
~~~~~.♣.~♣~.~~~♣@T♣...♣♣ ♣♣♣~~~~
§~~..♣♣♣♣♣♣♣~.♣♣..♣♣.~~♣♣♣♣~..~~~
......♣ ♣♣♣♣♣..♣♣...♣♣...~~~~~
<~~..♣♣ ♣♣♣~.....~~♣♣♣~~..~~~~~
~~~~~.♣♣ ♣~.~~~~~~~~~.♣.~~~~~~~~
.§~§~~.♣ ♣.~~§~§~~~~~~♣~.~~~~~~~
...~~~.♣ ♣~~~~~§.~§~~.♣♣♣~~~~~~~
~~...^♣♣ ♣.~~~.♣♣♣♣♣♣♣♣♣♣♣..♣♣..
~~..♣~.♣ ♣♣♣♣~♣♣ ♣.~~§....


You could see a nine-headed hydra (berserk, fast, ally target), a ghost crab and
a friendly deep troll (summoned, berserk).

Vanquished Creatures
  Donald (Swamp:2)
  A fenstrider witch (Swamp:2)
  Louise (Swamp:2)
  5 eleionomae
  A bunyip (Swamp:1)
  A dire elephant (Lair:5)
  The ghost of Nofys the Unseen, a journeyman SpEn of Dithmenos (Lair:4)
  An ettin (D:15)
  11 hydras
  Erolcha (D:11)
  A ghost crab (Swamp:2)
  2 catoblepae
  8 two-headed ogres
  4 ogre magi
  8 alligators
  3 centaur warriors
  2 boulder beetles
  8 death yaks (Lair:5)
  A tengu warrior (D:12)
  Urug (Lair:2)
  Nergalle (Lair:1)
  A sun demon (Lair:5)
  Amaemon (Lair:1)
  A hell knight (D:15)
  2 skeletal warriors
  Sonja (D:11)
  2 goliath frogs
  2 deep trolls (D:15)
  3 spriggan druids
  5 swamp dragons
  5 orc knights
  2 bog bodies
  4 wizards
  2 ugly things (D:12)
  A deep elf pyromancer (D:12)
  5 manticores
  2 will-o-the-wisps
  8 orc sorcerers (Orc:2)
  9 cyclopes
  30 elephants
  10 black mambas
  Joseph (D:8)
  2 gargoyles (D:12)
  17 cane toads
  3 orange demons
  4 centaur skeletons (D:13)
  5 yaktaurs (D:13)
  An unseen horror (D:12)
  A torpor snail (Lair:5)
  Psyche (D:12)
  5 rime drakes
  An efreet (D:15)
  A tengu conjurer (D:15)
  10 komodo dragons
  3 red devils (Lair:5)
  A hellwing (Lair:5)
  A troll (D:12)
  A bloated husk (Swamp:3)
  7 hornets
  5 tyrant leeches
  A wind drake (shapeshifter) (D:15)
  4 dream sheep (Lair:4)
  20 blink frogs
  4 slime creatures (D:12)
  Prince Ribbit (D:8)
  Sigmund (D:5)
  10 spriggans
  2 centaur simulacra
  3 culicivoras (Lair:2)
  3 vampires
  6 wyverns
  A shadow (D:12)
  41 yaks
  7 basilisks
  5 wraiths
  A human (shapeshifter) (D:14)
  3 steam dragons
  17 vampire mosquitoes
  5 wargs
  9 swamp worms
  An acid dragon (D:14)
  16 water moccasins
  4 hell hounds (Lair:5)
  16 orc warriors
  2 swamp drakes
  5 ice beasts
  2 sky beasts
  9 ogres
  6 black bears
  9 wolves
  4 centaurs
  2 kobold brigands
  2 gnoll sergeants
  12 bullfrogs
  3 scorpions
  23 killer bees
  4 howler monkeys
  An electric eel (D:15)
  A lava snake (D:8)
  3 jellies
  3 hounds
  14 orc priests
  32 orc wizards
  5 iguanas
  9 hell rats (Lair:4)
  9 gnolls
  10 adders
  15 river rats
  5 white imps
  An ufetubus (D:7)
  3 worms
  5 dart slugs
  58 orcs
  6 endoplasms
  5 giant cockroaches
  8 goblins
  6 hobgoblins
  7 jackals
  7 quokkas
  6 ball pythons
  5 bats
  10 frilled lizards
  12 kobolds
  2 rats
741 creatures vanquished.

Vanquished Creatures (others)
  An orc (D:13)
  6 foxfires
  28 fungi
  37 plants
72 creatures vanquished.

Grand Total: 813 creatures vanquished

Notes
Turn   | Place    | Note
-------+----------+-------------------------------------------
     0 | D:1      | Emberiza the Minotaur Berserker began the quest for the
                  | Orb.
     0 | D:1      | Reached XP level 1. HP: 19/19 MP: 0/0
   133 | D:1      | Reached skill level 4 in Axes
   208 | D:1      | Reached XP level 2. HP: 26/26 MP: 1/1
   468 | D:1      | Reached ** piety under Trog
   843 | D:2      | Noticed a scorpion
   848 | D:2      | Killed a scorpion
   849 | D:2      | Reached skill level 6 in Axes
   849 | D:2      | Reached XP level 3. HP: 31/31 MP: 2/2
   849 | D:2      | Reached XP level 4. HP: 39/39 MP: 3/3
   893 | D:2      | Identified the +6 whip "Usirhywk" {vorpal, Int+4 SInv
                  | Stlth+}
  1433 | D:3      | Found a sparkling altar of Nemelex Xobeh.
  1674 | D:3      | Reached XP level 5. HP: 45/45 MP: 4/4
  1675 | D:3      | Identified a scroll of acquirement
  1675 | D:3      | Acquired the +17 crystal plate armour "Husemebb" {Str+4}
  1759 | D:3      | Reached skill level 7 in Axes
  2003 | D:4      | Reached skill level 8 in Axes
  2502 | D:4      | Noticed a water moccasin
  2505 | D:4      | Killed a water moccasin
  2505 | D:4      | Reached *** piety under Trog
  2506 | D:4      | Reached XP level 6. HP: 51/51 MP: 5/5
  2632 | D:4      | Reached skill level 9 in Axes
  2727 | D:5      | Entered Level 5 of the Dungeon
  2792 | D:5      | Noticed an ice beast
  2802 | D:5      | Killed an ice beast
  2803 | D:5      | Reached XP level 7. HP: 49/57 MP: 6/6
  2840 | D:5      | Reached skill level 10 in Axes
  2913 | D:5      | Reached skill level 11 in Axes
  2923 | D:5      | Noticed Sigmund
  2932 | D:5      | Killed Sigmund
  2933 | D:5      | Reached XP level 8. HP: 64/64 MP: 7/7
  3195 | D:5      | Reached skill level 12 in Axes
  3499 | D:6      | Reached skill level 13 in Axes
  3746 | D:6      | Reached skill level 14 in Axes
  3763 | D:6      | Found a bloodstained altar of Trog.
  3957 | D:6      | Found a glowing drain.
  3985 | Sewer    | Entered a sewer
  4141 | Sewer    | Reached **** piety under Trog
  4142 | Sewer    | Reached XP level 9. HP: 70/70 MP: 8/8
  4168 | Sewer    | Identified the +1 pair of gloves "Geb Dyub" {Will+}
  4819 | D:7      | Found a staircase to the Ecumenical Temple.
  4861 | D:7      | Reached skill level 15 in Axes
  5331 | D:7      | Reached skill level 16 in Axes
  5616 | D:8      | Acquired the +9 battleaxe of Infinity {speed, rPois Str+4
                  | Int+3 Dex-2}
  5652 | D:8      | Found a transporter.
  5711 | D:8      | Noticed Joseph
  5717 | D:8      | Killed Joseph
  5718 | D:8      | Reached skill level 17 in Axes
  5718 | D:8      | Reached XP level 10. HP: 77/77 MP: 9/9
  5841 | D:8      | Found a one-way gate to the infinite horrors of the Abyss.
  5841 | D:8      | Noticed anet's ghost (journeyman GrCj)
  5862 | D:8      | Found a transporter.
  5939 | D:8      | Noticed Prince Ribbit
  5947 | D:8      | Killed Prince Ribbit
  6186 | D:8      | Found a hide-covered altar of Uskayaw.
  6186 | D:8      | Found a broken altar of Ashenzari.
  6302 | D:8      | Noticed a green ugly thing
  6486 | D:9      | Found Emasmehouq's Antique Armour Emporium.
  6486 | D:9      | Found a stormy altar of Qazlal.
  6486 | D:9      | Found a shadowy altar of Dithmenos.
  6486 | D:9      | Found a white marble altar of Elyvilon.
  6486 | D:9      | Found a shimmering altar of Xom.
  6609 | D:9      | Found a sacrificial altar of Ru.
  6653 | D:9      | Found Ziexiaph's Distillery.
  6659 | D:9      | Bought a potion of heal wounds for 55 gold pieces
  6749 | D:9      | Found Jaem's Jewellery Shoppe.
  6791 | D:9      | Identified the +6 dagger of Ru's Delight {vorpal, rElec
                  | Dex+5}
  6829 | D:9      | Found Awel's General Store.
  6833 | D:9      | Gained mutation: Your spells are a little harder to cast,
                  | but a little more powerful. [potion of mutation]
  6833 | D:9      | Gained mutation: You are partially covered in iridescent
                  | scales. (AC +2) [potion of mutation]
  6833 | D:9      | Gained mutation: You have large cloven feet. [potion of
                  | mutation]
  7017 | D:9      | Found Veipret's Weapon Boutique.
  7039 | D:9      | Reached skill level 18 in Axes
  7082 | D:9      | Found a hazy altar of Hepliaklqana.
  7137 | D:9      | Noticed a two-headed ogre
  7146 | D:9      | Killed a two-headed ogre
  7370 | D:10     | Entered Level 10 of the Dungeon
  7435 | D:10     | Noticed a two-headed ogre
  7438 | D:10     | Killed a two-headed ogre
  7439 | D:10     | Reached skill level 19 in Axes
  7556 | D:10     | Found a burning altar of Makhleb.
  7627 | D:10     | Reached ***** piety under Trog
  7629 | D:10     | Found a staircase to the Lair.
  7644 | D:10     | Reached XP level 11. HP: 82/82 MP: 10/10
  8409 | D:10     | Noticed a two-headed ogre
  8416 | D:10     | Killed a two-headed ogre
  8417 | D:10     | Reached skill level 1 in Shields
  9008 | Lair:1   | Entered Level 1 of the Lair of Beasts
  9062 | Lair:1   | Acquired a +3 executioner's axe of draining
  9077 | Lair:1   | Noticed Nergalle
  9082 | Lair:1   | Killed Nergalle
  9083 | Lair:1   | Reached skill level 20 in Axes
  9479 | Lair:1   | Noticed Amaemon
  9487 | Lair:1   | Killed Amaemon
  9488 | Lair:1   | Reached skill level 5 in Fighting
 10083 | Lair:1   | Reached skill level 5 in Armour
 10086 | Lair:1   | Reached skill level 5 in Dodging
 10745 | Lair:2   | Found a staircase to the Swamp.
 10952 | Lair:2   | Noticed a catoblepas
 10959 | Lair:2   | Killed a catoblepas
 11179 | Lair:2   | Reached XP level 12. HP: 88/100 MP: 9/11
 11212 | Lair:2   | You fall into a shaft and drop 1 floor!
 11479 | Lair:2   | Received a gift from Trog
 11659 | Lair:2   | Found a hole to the Spider Nest.
 11801 | Lair:2   | Noticed Urug
 11813 | Lair:2   | Killed Urug
 12632 | Lair:4   | Noticed a catoblepas
 12669 | Lair:4   | Killed a catoblepas
 12676 | Lair:4   | Reached skill level 10 in Fighting
 12759 | Lair:4   | Reached skill level 10 in Armour
 12825 | Lair:4   | Reached XP level 13. HP: 112/114 MP: 12/12
 13109 | Lair:4   | Found a large runed translucent door.
 13109 | Lair:4   | Found a large runed translucent door.
 13118 | Lair:4   | Noticed Nofys's ghost (journeyman SpEn)
 13287 | Lair:4   | Reached skill level 10 in Dodging
 13686 | Lair:4   | Found a staircase to the Slime Pits.
 13756 | Lair:4   | Killed Nofys's ghost
 14016 | Lair:5   | Entered Level 5 of the Lair of Beasts
 14684 | Lair:5   | Reached XP level 14. HP: 127/127 MP: 13/13
 14787 | Lair:5   | Received a gift from Trog
 15307 | Lair:5   | Found a burning altar of Makhleb.
 15384 | Lair:5   | Found a gateway to Hell.
 15829 | D:11     | Noticed Erolcha
 15845 | D:11     | Killed Erolcha
 15926 | D:11     | Found a runed translucent door.
 15927 | D:11     | Noticed a fire giant
 16018 | D:11     | Noticed Sonja
 16028 | D:11     | Killed Sonja
 17093 | D:12     | Found a staircase to the Orcish Mines.
 17156 | D:12     | Noticed Psyche
 17160 | D:12     | Killed Psyche
 17204 | D:12     | Identified the ring "Muiskao" {Fly rC+}
 17378 | D:12     | Identified the ring of Itity {Fly rPois rN+++ Str-4 Int-3}
 17518 | D:12     | Identified the amulet "Buiplisa" {Faith rPois rCorr Int-3
                  | Dex+2}
 17527 | D:12     | Identified the amulet "Igisorr" {Faith Rampage Fragile rC+
                  | Dex+4}
 17680 | Orc:1    | Entered Level 1 of the Orcish Mines
 17704 | Orc:1    | Found a shimmering altar of Xom.
 17737 | Orc:1    | Reached ****** piety under Trog
 17743 | Orc:1    | Reached XP level 15. HP: 139/139 MP: 14/14
 17955 | Orc:2    | Entered Level 2 of the Orcish Mines
 18021 | Orc:2    | Found a staircase to the Elven Halls.
 18194 | Orc:2    | Found Qoxtuet's CLEARANCE SALE!.
 18248 | Orc:2    | Reached skill level 15 in Fighting
 18284 | Orc:2    | Found Ocaria's Book Shop.
 18322 | Orc:2    | Found a radiant altar of Vehumet.
 18335 | Orc:2    | Received a gift from Trog
 18374 | Orc:2    | Found Paatakie's Distillery.
 18384 | Orc:2    | Bought a potion of heal wounds for 75 gold pieces
 18384 | Orc:2    | Bought 2 potions of curing for 90 gold pieces
 18386 | Orc:2    | Found an ancient bone altar of Kikubaaqudgha.
 18422 | Orc:2    | Found Ucraheil's Book Boutique.
 18794 | Orc:2    | Found Voawomuk's Antique Weapon Boutique.
 18811 | Orc:2    | Reached skill level 15 in Armour
 19199 | D:9      | Bought a potion of lignification for 33 gold pieces
 19199 | D:9      | Bought a potion of might for 44 gold pieces
 19199 | D:9      | Bought a potion of resistance for 110 gold pieces
 19199 | D:9      | Bought a potion of curing for 33 gold pieces
 19960 | D:13     | Identified the +12 battleaxe of the Valley {antimagic,
                  | Str+4 Dex+2} (Trog gifted it to you on level 13 of the
                  | Dungeon)
 19960 | D:13     | Received a gift from Trog
 20130 | D:13     | Found a gate to the Vaults.
 20223 | D:14     | Found a runed translucent gate.
 20223 | D:14     | Found a runed translucent gate.
 20223 | D:14     | Found a runed translucent gate.
 20409 | D:14     | Noticed Nofys's ghost (journeyman SpEn)
 20943 | D:15     | Entered Level 15 of the Dungeon
 21173 | D:15     | Found Jimm's Assorted Antiques.
 21176 | D:15     | Bought a sedimented red potion for 23 gold pieces
 21607 | D:15     | Found a runed translucent gate.
 21607 | D:15     | Identified the +1 plate armour of Quantum Leap {rPois
                  | Int+4}
 21607 | D:15     | Noticed Deafoat's ghost (journeyman GnHu)
 21608 | D:15     | Found a runed translucent gate.
 21609 | D:15     | Found a runed translucent gate.
 21657 | D:15     | Found a staircase to the Depths.
 21867 | D:15     | Identified the ring of the Skies Above {rN+ Dex+2 SInv}
 22135 | Swamp:1  | Entered Level 1 of the Swamp
 22140 | Swamp:1  | Received a gift from Trog
 22158 | Swamp:1  | Reached skill level 15 in Dodging
 22474 | Swamp:1  | You are sucked into a shaft and drop 1 floor!
 22726 | Swamp:2  | Noticed Louise
 22726 | Swamp:2  | Noticed a fenstrider witch
 22734 | Swamp:2  | Killed a fenstrider witch
 22747 | Swamp:2  | Killed Louise
 22813 | Swamp:2  | Reached XP level 16. HP: 138/152 MP: 15/15
 22837 | Swamp:2  | Noticed Donald
 22868 | Swamp:2  | Killed Donald
 24388 | Swamp:3  | Received a gift from Trog
 24610 | Swamp:4  | Entered Level 4 of the Swamp
 24739 | Swamp:3  | HP: 7/157 [nine-headed hydra (3)]
 24740 | Swamp:3  | Mangled by a nine-headed hydra

Illustrated notes

Levels and vault maps discovered:
D:1:      erik_arrival_blinker_ship, layout_basic
D:2:      layout_rooms
D:3:      layout_loops_cross, nemelex_diamond_rough_becter
D:4:      layout_rooms, serial_bayou_lagoon_b
D:5:      layout_basic, uniq_sigmund
D:6:      layout_loops_ring, overflow_temple_1_default,
          cheibrodos_sewer_entry_drain, amcnicky_mini_corridor_feature,
          eino_small_chamber_without_monster, minmay_increasing_density
D:7:      layout_basic, minmay_temple_entry_waves
D:8:      layout_basic, nicolae_overflow_two_pavilions,
          gammafunk_ghost_abyssal_escape, kennysheep_generic_room_2,
          uniq_joseph, uniq_prince_ribbit1
D:9:      minmay_skewed_foursquare, layout_long_grid,
          nicolae_ru_sacrificial_ziggurat, grunt_temple_overflow_open,
          serial_shops, nicolae_shop_bloodbath_and_beyond, nicolae_shop_stone,
          nicolae_diamond_shop, shop, nicolae_lakefront_shop, minivault_25,
          chequers_jeans, hive_lemuel
D:10:     layout_loops_corners, lemuel_tele_altar, minmay_lair_entry_grove
D:11:     layout_cave_pools, minivault_13, uniq_sonja, uniq_erolcha
D:12:     minmay_the_grid_triangle_9x9_rhombus_thin
          [minmay_the_grid_triangle_9x9_stretched_checkered,
          minmay_the_grid_triangle_9x9_prize_special,
          minmay_the_grid_triangle_9x9_corruption,
          minmay_the_grid_triangle_9x9_flanged_cone], layout_gridville,
          minmay_orc_entry_guard_dogs, uniq_psyche
D:13:     layout_long_grid, hangedman_vaults_entry_quadrant_bands,
          kennysheep_nondescript
D:14:     layout_rooms, gammafunk_ghost_icy, nicolae_sextant,
          kennysheep_generic_room_5
D:15:     hangedman_depths_entry_civil_slaughter, layout_cave_pools,
          biasface_ghost_orc_armoury, serial_shops, nicolae_shop_behind_doors,
          bh_walls_and_bars, serial_ice, serial_ice_c, serial_ice_e,
          serial_ice_k, serial_ice_g
Lair:1:   layout_layer_cave, nicolae_quartered_pool_impasse,
          serial_bayou_shore_b, uniq_amaemon, uniq_nergalle
Lair:2:   layout_cave_pods, minmay_swamp_entry_reptiles,
          hellmonk_spider_entry_life_and_decay, gauntlet_entry_generic,
          serial_bayou_shore_b, uniq_urug
Lair:3:   layout_small_grid, nicolae_volcano_entry_s_turn
Lair:4:   layout_loops_ring, dpeg_slime_entry_corner,
          ebering_ghost_disaster_area, kennysheep_rathole, serial_bayou_shore_b
Lair:5:   evil_forest, layout_big_grid, grunt_megastairs_2
Swamp:1:  layout_falls_marsh, evilmike_swamp_ruin_house_5
Swamp:2:  layout_basic_swamp, evilmike_swamp_ruin_house_3, swamp_pool1,
          uniq_louise, uniq_donald
Swamp:3:  layout_basic_swamp, evilmike_swamp_ruin_house_2,
          infiniplex_staircase_pool
Swamp:4:  swamp, layout_basic_swamp, nicolae_swamp_necromancer_hut
Orc:1:    nicolae_orc_accident_3, layout_diamond_mine, basic_altar
Orc:2:    kennysheep_orc_mage_school, layout_caves, special_room,
          nicolae_shop_clearance

Skill      XL: |  1  2  3  4  5  6  7  8  9 10 11 12 13 14 15 16 |
---------------+-------------------------------------------------+-----
Axes           | 4 6 8 9 11 14 17 19 20 | 20.0
Fighting       | 7 10 12 14 16 17 | 17.6
Armour         | 6 10 12 14 16 17 | 17.4
Shields        | 2 |  2.1
Dodging        | 6 9 11 13 15 16 | 16.1

Action                   |  1- 3 |  4- 6 |  7- 9 | 10-12 | 13-15 | 16-18 || total
-------------------------+-------+-------+-------+-------+-------+-------++-------
Melee: Hand axe          |    44 |       |       |       |       |       ||    44
       Headbutt          |     3 |     9 |    27 |    54 |   190 |    41 ||   324
       Whip              |       |    61 |       |       |       |       ||    61
       War axe           |       |    52 |   203 |    19 |       |       ||   274
       Punch             |       |     1 |     2 |       |       |       ||     3
       Battleaxe         |       |       |     3 |   287 |   790 |   121 ||  1201
       Kick              |       |       |       |    88 |     9 |       ||    97
       Executioner's axe |       |       |       |    53 |       |    46 ||    99
Invok: Berserk           |     1 |     1 |     2 |     6 |     6 |     2 ||    18
       Trog's Hand       |       |     1 |       |     3 |     9 |     3 ||    16
       Brothers in Arms  |       |       |       |       |       |     1 ||     1
Evoke: Wand              |       |       |       |     1 |       |       ||     1
  Use: Scroll            |     1 |     9 |     6 |    14 |     6 |     2 ||    38
       Potion            |       |       |       |     1 |       |     1 ||     2
Armor: Chain mail        |    15 |    11 |       |       |       |       ||    26
       Crystal plate arm |       |    47 |   126 |   189 |   507 |   258 ||  1127
Dodge: Dodged            |    29 |    56 |    91 |   108 |   284 |   151 ||   719
Block: Kite shield       |       |       |       |     5 |       |       ||     5

Table legend: (Time is in decaauts)
 A = Elapsed time spent in this place.
 B = Non-inter-level travel time spent in this place.
 C = Inter-level travel time spent in this place.
 D = Time resting spent in this place.
 E = Time spent auto-exploring this place.
 F = Levels seen in this place.
 G = Mean time per level.
                   A        B        C        D        E       F      G
               +--------+--------+--------+--------+--------+-----+--------+
         Total |  24422 |  22955 |   1467 |   3737 |  15177 |  27 |  904.5 |
       Dungeon |  13136 |  12235 |    901 |   1520 |   8609 |  15 |  875.7 |
          Lair |   6707 |   6349 |    358 |   1318 |   4065 |   5 | 1341.4 |
         Swamp |   2523 |   2468 |     55 |    899 |   1080 |   4 |  630.8 |
  Orcish Mines |   1312 |   1159 |    153 |      0 |    925 |   2 |  656.0 |
         Sewer |    742 |    742 |      0 |      0 |    497 |   1 |  742.0 |
               +--------+--------+--------+--------+--------+-----+--------+

Top non-repeatable levels by time:
  Lair:1: 1814 daAuts
    D:10: 1628 daAuts
  Lair:5: 1617 daAuts
  Lair:4: 1335 daAuts
    D:12: 1245 daAuts
  Lair:2: 1196 daAuts
     D:9: 1171 daAuts
 Swamp:3: 1087 daAuts
   Orc:2: 1015 daAuts
    D:15: 1000 daAuts
     D:8: 884 daAuts
     D:1: 842 daAuts
     D:4: 800 daAuts
     D:6: 793 daAuts
    D:14: 789 daAuts
